 Dungeon Crawl Stone Soup version 0.31-a0-1098-g6898e6545c (webtiles) character file.

Game seed: 13186461246783400906

2692 Dirtsage the Tainter (level 9, -23/61 HPs)
             Began as an Octopode Conjurer on Nov 30, 2023.
             Was an Initiate of Gozag.
             Annihilated by a cyclops (34 damage)
             ... on level 6 of the Dungeon.
             The game lasted 00:20:34 (7473 turns).

Dirtsage the Tainter (Octopode Conjurer)            Turns: 7473, Time: 00:20:34

Health: -23/61     AC:  1    Str:  7    XL:     9   Next: 65%
Magic:  1/16       EV: 14    Int: 24    God:    Gozag
Gold:   801        SH:  0    Dex: 10    Spells: 11/18 levels left

rFire   . .          .
                       - Unarmed
rCold   + . .        (no shield)
rNeg    + . .        (helmet restricted)
rPois   .            o - amulet of the acrobat
rElec   .            N - ring of positive energy
rCorr   .            I - ring of protection from cold
SInv    .            (no ring)
Will    .....        (no ring)
Stlth   +++          (no ring)
HPRegen 0.30/turn    (no ring)
MPRegen 0.15/turn    (no ring)
                     (no ring)

%: acrobat
@: no status effects
A: almost no armour, amphibious, 8 rings, camouflage 1, gelatinous body 1,
(nimble swimmer 1), tentacles
a: Renounce Religion, Potion Petition, Call Merchant, Bribe Branch


You were on level 6 of the Dungeon.
You worshipped Gozag.
Gozag was pleased with you.
You visited 2 branches of the dungeon, and saw 7 of its levels.
You also visited: Sewer.

You collected 935 gold pieces.
You paid 134 gold pieces to Gozag.

Inventory:

Hand Weapons
 d - a +2 sling of flaming
Magical Staves
 z - a staff of fire
Jewellery
 o - an amulet of the acrobat (around mantle)
 I - a ring of protection from cold (right tentacle)
 N - a ring of positive energy (left tentacle)
Talismans
 w - the blade talisman of Fug Utodgh {MP+9 Int+4}
   (You found it on level 6 of the Dungeon)

   [blade talisman]

   Int+4:     It affects your intelligence (+4).
   MP+9:      It affects your magic capacity (+9).
Wands
 u - a wand of flame (6)
 D - a wand of light (5)
Scrolls
 b - 5 scrolls of vulnerability {unknown}
 i - a scroll of identify
 k - a scroll of noise
 m - a scroll of immolation
 n - a scroll of enchant armour
 t - 4 scrolls of teleportation
 v - a scroll of silence {unknown}
 y - a scroll of revelation {unknown}
 A - 2 scrolls of blinking {unknown}
 C - a scroll of fog {unknown}
 E - a scroll of fear {unknown}
Potions
 a - 2 potions of magic
 c - a potion of mutation {unknown}
 e - a potion of degeneration {unknown}
 f - 2 potions of might {unknown}
 g - a potion of berserk rage
 h - 2 potions of invisibility {unknown}
 j - a potion of enlightenment {unknown}
 l - a potion of heal wounds
 p - a potion of resistance {unknown}
 q - a potion of curing
 r - a potion of attraction {unknown}
 s - 2 potions of lignification {unknown}
 x - 2 potions of haste {unknown}
 B - a potion of brilliance {unknown}


   Skills:
 + Level 5.1 Fighting
 + Level 4.8 Dodging
 - Level 2.8 Stealth
 * Level 5.9 Unarmed Combat
 + Level 5.0 Spellcasting
 - Level 4.9 Conjurations
 - Level 8.0 Poison Magic


You had 11 spell levels left.
You knew the following spells:

 Your Spells              Type           Power      Damage    Failure   Level
a - Magic Dart            Conj           100%       1d8       1%          1
b - Searing Ray           Conj           58%        2d6       1%          2
c - Olgreb's Toxic Radia  Pois           44%        N/A       3%          4

Your spell library contained the following spells:

 Spells                   Type           Power      Damage    Failure   Level
 Apportation              Tloc           12%        N/A       9%          1
 Necrotise                Necr           24%        1d5       9%          1
 Summon Small Mammal      Summ           24%        N/A       9%          1
 Dazzling Flash           Conj/Hex       34%        N/A       10%         3
 Jinxbite                 Hex            12%        N/A       13%         2
 Fulminant Prism          Conj/Hex       8%         3d6       32%         4
 Iskenderun's Mystic Bla  Conj/Tloc      17%        2d5       32%         4
 Alistair's Intoxication  Tmut/Pois      16%        N/A       43%         5
 Discord                  Hex            3%         N/A       100%        8
 Ignition                 Fire           3%         3d4       100%        8


Dungeon Overview and Level Annotations

Branches:
Dungeon (6/15)             Temple (1/1) D:4           Sewer (visited)

Altars:
Ashenzari
Dithmenos
Elyvilon
Gozag
Hepliaklqana
Kikubaaqudgha
Makhleb
Nemelex Xobeh
Okawaru
Qazlal
Ru
Sif Muna
Trog
Uskayaw
Vehumet
Wu Jian
Xom
Yredelemnul
Zin
The Shining One

Shops:
D:6 (


Innate Abilities, Weirdness & Mutations

You cannot wear most types of armour.
You are amphibious.
You can wear up to eight rings at the same time.
Your skin changes colour to match your surroundings (Stealth+).
Your rubbery body absorbs attacks. (AC +1, EV +1)
((You are camouflaged when in or above water. (Stealth+)))
You have tentacles for arms and can constrict up to eight enemies at once.


Message History

Your toxic aura wanes.
You completely miss the cyclops.
The cyclops is moderately wounded.
The cyclops hits you!
You take 14 damage, and have 32/61 hp.
MASSIVE DAMAGE!!
You tentacle-slap the cyclops but do no damage.
Your squeeze misses the cyclops.
The cyclops is moderately wounded.
You tentacle-slap the cyclops but do no damage.
You tentacle-slap the cyclops. You squeeze the cyclops.
The cyclops is heavily wounded.
The cyclops barely misses you.
You barely miss the cyclops.
The cyclops is heavily wounded.
The cyclops looks more healthy.
The cyclops hits you!!
* * * LOW HITPOINT WARNING * * *
You take 26 damage, and have 7/61 hp.
MASSIVE DAMAGE!!
You tentacle-slap the cyclops but do no damage.
Your squeeze misses the cyclops.
The cyclops is heavily wounded.
You feel much better. The cyclops hits you!!
* * * LOW HITPOINT WARNING * * *
You regained 4 hp, and now have 11/61 hp.
Casting: Olgreb's Toxic Radiance (dangerous; 3% risk of failure)
Confirm with . or Enter, or press ? or * to list all spells.
You don't have enough magic to cast this spell.
Unknown command.
Unknown command.
Casting: Olgreb's Toxic Radiance (dangerous; 3% risk of failure)
Confirm with . or Enter, or press ? or * to list all spells.
Aiming: Searing Ray (safe; 1% risk of failure)
Press: ? - help, Shift-Dir - straight line, f - cyclops
Aim: a cyclops, quivering large rocks (heavily wounded, 98% to hit)
The searing ray hits the cyclops.
The cyclops is heavily wounded. (Press . to maintain the ray.)
The cyclops hits you!!
Ouch! That really hurt!
You die...
Your body crumbles into a pile of gold.

##################
#................#
#.....))..)......#
###..#####..#####$.#
..#......#.)#...@$.#
###......#..#..C...#
#######..#..#..#####
..#......#..#......#
###......#..#......#
# #..#####..#####O.#
# #......#..#......#
# #...)..#..#..$$..#
# #####..#..#.O#####


You could see a cyclops.

Vanquished Creatures
  A troll (D:6)
  A hornet (D:6)
  Eustachio (D:5)
  A water moccasin (D:6)
  Duvessa (D:5)
  Pargi (Sewer)
  3 ogres
  4 phantoms
  Blork the orc (D:5)
  2 scorpions (D:6)
  Dowan (D:5)
  A howler monkey (D:6)
  3 gnoll boudas (D:6)
  6 hounds
  A jelly (D:5)
  3 orc priests
  3 sleepcaps
  3 iguanas
  3 orc wizards (D:6)
  10 adders
  13 gnolls
  A shadow imp (D:6)
  2 white imps
  2 ufetubi (D:5)
  2 worms
  3 dart slugs
  24 orcs
  11 ball pythons
  7 bats
  7 endoplasms
  3 giant cockroaches
  12 goblins
  8 hobgoblins
  8 jackals
  14 kobolds
  4 quokkas
  5 frilled lizards
  5 rats
181 creatures vanquished.

Vanquished Creatures (others)
  An adder (D:6)
1 creature vanquished.

Grand Total: 182 creatures vanquished

Notes
Turn   | Place    | Note
-------+----------+-------------------------------------------
     0 | D:1      | Dirtsage the Octopode Conjurer began the quest for the Orb.
     0 | D:1      | Reached XP level 1. HP: 11/11 MP: 3/3
    72 | D:1      | Reached XP level 2. HP: 17/17 MP: 0/5
   355 | D:1      | Learned a level 2 spell: Searing Ray
   407 | D:1      | Reached XP level 3. HP: 22/22 MP: 6/6
   525 | D:1      | Reached skill level 1 in Fighting
  1060 | D:2      | Reached skill level 1 in Poison Magic
  1261 | D:2      | Reached XP level 4. HP: 28/28 MP: 7/7
  1588 | D:3      | Found a white marble altar of Elyvilon.
  2065 | D:3      | Learned a level 4 spell: Olgreb's Toxic Radiance
  2084 | D:3      | Found a shadowy altar of Dithmenos.
  2085 | D:3      | Noticed a shadow
  2088 | D:3      | Found a hazy altar of Hepliaklqana.
  2172 | D:3      | Found a radiant altar of Vehumet.
  2265 | D:3      | Found a faded altar of an unknown god.
  2318 | D:4      | Noticed a phantom
  2328 | D:4      | Killed a phantom
  2329 | D:4      | Reached skill level 2 in Poison Magic
  2329 | D:4      | Reached XP level 5. HP: 33/34 MP: 0/9
  2473 | D:4      | Noticed an ogre
  2479 | D:4      | Killed an ogre
  2480 | D:4      | Reached skill level 3 in Poison Magic
  2480 | D:4      | Reached XP level 6. HP: 41/41 MP: 6/10
  2520 | D:4      | Found an iron altar of Okawaru.
  2707 | D:4      | Reached skill level 4 in Poison Magic
  2909 | D:4      | Found a staircase to the Ecumenical Temple.
  2922 | Temple   | Entered the Ecumenical Temple
  3183 | D:5      | Entered Level 5 of the Dungeon
  3204 | D:5      | Reached skill level 1 in Unarmed Combat
  3248 | D:5      | Noticed Duvessa
  3249 | D:5      | Noticed Dowan
  3261 | D:5      | Killed Duvessa
  3262 | D:5      | Reached XP level 7. HP: 46/46 MP: 1/12
  3263 | D:5      | Killed Dowan
  3365 | D:5      | Found a basalt altar of Yredelemnul.
  3402 | D:5      | Noticed Blork the orc
  3412 | D:5      | Killed Blork the orc
  3589 | D:5      | Reached skill level 5 in Poison Magic
  4132 | D:5      | Noticed Eustachio
  4151 | D:5      | Killed Eustachio
  4152 | D:5      | Reached XP level 8. HP: 18/52 MP: 0/13
  4454 | D:5      | Found an opulent altar of Gozag.
  4626 | D:5      | Became a worshipper of Gozag Ym Sagoz the Greedy
  4892 | D:6      | Identified the blade talisman of Fug Utodgh {MP+9 Int+4}
  4911 | D:6      | Noticed a hornet
  5099 | D:6      | Reached skill level 6 in Poison Magic
  5386 | D:6      | Found a glowing drain.
  5395 | Sewer    | Entered a sewer
  5482 | Sewer    | Noticed Pargi
  5498 | Sewer    | Killed Pargi
  5973 | D:6      | Found Cieqe's Weapon Shoppe.
  6375 | D:6      | Reached skill level 7 in Poison Magic
  6407 | D:6      | Reached XP level 9. HP: 59/59 MP: 9/15
  6755 | D:6      | Noticed a troll
  6788 | D:6      | Killed a troll
  6789 | D:6      | Reached skill level 5 in Unarmed Combat
  6944 | D:6      | Killed a hornet
  7095 | D:6      | Noticed a cyclops
  7226 | D:6      | Reached skill level 8 in Poison Magic
  7318 | D:6      | Reached skill level 5 in Fighting
  7429 | D:6      | Reached skill level 5 in Spellcasting
  7473 | D:6      | Annihilated by a cyclops

Illustrated notes

Levels and vault maps discovered:
D:1:      scummos_arrival_forest, layout_rooms, minmay_octomino_j4
D:2:      layout_basic
D:3:      layout_basic, riverfiend_overflow_shadow_ancestor, elyvilon_altar_3,
          lemuel_tele_altar, shapermc_ecumenical_altar_petra,
          kennysheep_small_spiral
D:4:      corexii_shack_village, layout_cave_pools, okawaru_trees_2,
          temple_fountains
D:5:      nicolae_BIG_FREAKIN_CUBE, layout_basic,
          mainiacjoe_overflow_tiny_flanked, mainiacjoe_overflow_chevrons,
          st_stairs_9, chequers_mini_garden, kennysheep_small_square,
          uniq_eustachio, uniq_duvessa, uniq_blork_the_orc
D:6:      kennysheep_windowed_halls, layout_loops_ring, gup_sewer_entry_pipe,
          serial_shops, shop, dreamdust_princess_corridor, nrook_campfire,
          serial_park_tiny_pond
Temple:   nicolae_temple_figure_eight

Skill      XL: |  1  2  3  4  5  6  7  8  9 |
---------------+----------------------------+-----
Fighting       | 1 2 3 4 5 |  5.1
Poison Magic   | 1 2 3 4 5 7 8 |  8.0
Spellcasting   | 3 4 5 |  5.0
Unarmed Combat | 1 3 4 5 |  5.9
Dodging        | 3 4 |  4.8
Stealth        | |  2.8
Conjurations   | |  4.9

Action                     |  1- 3 |  4- 6 |  7- 9 || total
---------------------------+-------+-------+-------++-------
  Melee: Unarmed           |    19 |       |   130 ||   149
         Constrict         |     6 |       |    25 ||    31
         Tentacles         |     2 |       |    47 ||    49
         Punch             |       |       |    11 ||    11
   Fire: Sling             |    81 |   112 |    46 ||   239
   Cast: Magic Dart        |     4 |     2 |    70 ||    76
         Searing Ray       |     1 |     8 |    20 ||    29
         Olgreb's Toxic Ra |       |     1 |    24 ||    25
    Use: Scroll            |       |     4 |       ||     4
         Potion            |       |       |     6 ||     6
   Stab: Sleeping          |     3 |       |     1 ||     4
 Armour: Skin              |    30 |    32 |   120 ||   182
  Dodge: Dodged            |    42 |    46 |   156 ||   244

Table legend: (Time is in decaauts)
 A = Elapsed time spent in this place.
 B = Non-inter-level travel time spent in this place.
 C = Inter-level travel time spent in this place.
 D = Time resting spent in this place.
 E = Time spent auto-exploring this place.
 F = Levels seen in this place.
 G = Mean time per level.
                   A        B        C        D        E       F      G
               +--------+--------+--------+--------+--------+-----+--------+
         Total |   7570 |   7412 |    158 |    186 |   5797 |   8 |  946.2 |
       Dungeon |   7186 |   7028 |    158 |    186 |   5503 |   6 | 1197.7 |
        Temple |      1 |      1 |      0 |      0 |      0 |   1 |    1.0 |
         Sewer |    382 |    382 |      0 |      0 |    294 |   1 |  382.0 |
               +--------+--------+--------+--------+--------+-----+--------+

Top non-repeatable levels by time:
     D:6: 2203 daAuts
     D:5: 1730 daAuts
     D:3: 937 daAuts
     D:4: 886 daAuts
     D:2: 765 daAuts
     D:1: 663 daAuts
   Sewer: 382 daAuts
  Temple: 1 daAuts
